 Dungeon Crawl Stone Soup version 0.27-a0-906-g0a00ce863d (webtiles) character file.

Game seed: 1567113391197606017

37356 spiderkeys the Spry (level 13, -7/92 HPs)
             Began as an Octopode Brigand on Apr 7, 2021.
             Was an Initiate of Gozag.
             Mangled by a catoblepas (16 damage)
             ... while petrified by a catoblepas
             ... on level 5 of the Lair of Beasts.
             The game lasted 01:06:27 (22308 turns).

spiderkeys the Spry (Octopode Brigand)             Turns: 22308, Time: 01:06:27

Health: -7/92      AC:  3    Str: 11    XL:     13   Next: 96%
Magic:  22/22      EV:  2    Int: 19    God:    Gozag
Gold:   1610       SH:  0    Dex: 18    Spells: 14/24 levels left

rFire    . . .     SeeInvis .   a - +4 dagger (elec)
rCold    . . .     Faith    .   o - +3 buckler {rPois}
rNeg     + + +     Spirit   .   v - +2 hat
rPois    ∞         Reflect  .   s - amulet of magic regeneration
rElec    .         Harm     .   m - ring of resist corrosion
rCorr    +         Rampage  .   u - ring of wizardry
Will     .....                  q - +6 ring of intelligence
Stlth    ++++++....             w - +4 ring of evasion
HPRegen  0.25/turn              l - +4 ring of evasion
MPRegen  0.43/turn              z - ring of flight
                                (no ring)
                                (no ring)

@: petrified, flying, studying Spellcasting
A: almost no armour, amphibious, 8 rings, camouflage 1, gelatinous body 1,
(nimble swimmer 1), tentacles
a: Renounce Religion, Potion Petition, Call Merchant, Bribe Branch


You were on level 5 of the Lair of Beasts.
You worshipped Gozag.
Gozag was most pleased with you.
You visited 4 branches of the dungeon, and saw 17 of its levels.
You also visited: Bailey and Ice Cave.

You collected 5137 gold pieces.
You spent 2725 gold pieces at shops.
You paid 802 gold pieces to Gozag.

Inventory:

Hand Weapons
 a - a +4 dagger of electrocution (weapon)
Missiles
 b - 22 poisoned darts
 c - 3 curare-tipped darts
 d - 11 throwing nets
 h - 4 datura-tipped darts
 i - 17 boomerangs (quivered)
Armour
 o - a +3 buckler of poison resistance (worn)
 v - a +2 hat (worn)
Jewellery
 l - a +4 ring of evasion (on tentacle)
 m - a ring of resist corrosion (left tentacle)
 q - a +6 ring of intelligence (on tentacle)
 s - an amulet of magic regeneration (around mantle)
 u - a ring of wizardry (right tentacle)
 w - a +4 ring of evasion (on tentacle)
 z - a ring of flight (on tentacle)
 L - an amulet of guardian spirit
Wands
 j - a wand of random effects (52)
 k - a wand of flame (21)
 t - a wand of charming (19)
 F - a wand of mindburst (10)
 J - a wand of polymorph (14)
Scrolls
 n - 2 scrolls of teleportation
 x - a scroll of torment
 B - 2 scrolls of holy word
 C - a scroll of enchant armour
 D - 4 scrolls of amnesia
 E - 2 scrolls of fear
 G - a scroll of magic mapping
 K - a scroll of fog {unknown}
Potions
 e - 8 potions of lignification
 f - 3 potions of haste {unknown}
 g - 2 potions of brilliance
 p - 8 potions of curing
 r - 2 potions of attraction {unknown}
 A - a potion of magic {unknown}
 H - 5 potions of ambrosia
 I - a potion of cancellation
Miscellaneous
 y - a phantom mirror


   Skills:
 + Level 10.3 Fighting
 + Level 10.3 Short Blades
 - Level 5.0 Throwing
 + Level 15.3 Dodging
 + Level 12.9 Stealth
 - Level 4.0 Shields
 * Level 6.4 Spellcasting
 - Level 7.0 Hexes
 - Level 6.0 Poison Magic


You had 14 spell levels left.
You knew the following spells:

 Your Spells              Type           Power      Damage    Failure   Level
a - Ensorcelled Hibernat  Hex/Ice        38%        N/A       1%          2
b - Corona                Hex            35%        N/A       1%          1
c - Poisonous Vapours     Pois/Air       34%        N/A       1%          2
d - Slow                  Hex            32%        N/A       1%          2
e - Confusing Touch       Hex            32%        N/A       1%          3

Your spell library contained the following spells:

 Spells                   Type           Power      Damage    Failure   Level
 Tukima's Dance           Hex            32%        N/A       1%          3
 Cause Fear               Hex            16%        N/A       2%          4
 Dazzling Flash           Conj/Hex       38%        N/A       3%          3
 Inner Flame              Hex/Fire       19%        N/A       3%          3
 Portal Projectile        Hex/Tloc       38%        N/A       3%          3
 Beastly Appendage        Tmut           12%        N/A       4%          1
 Sandblast                Erth           12%        2d6       4%          1
 Shock                    Conj/Air       24%        1d4       4%          1
 Spider Form              Tmut/Pois      8%         N/A       4%          3
 Wereblood                Tmut           6%         N/A       6%          2
 Leda's Liquefaction      Hex/Erth       9%         N/A       11%         4
 Gell's Gravitas          Tloc           3%         N/A       13%         3
 Metabolic Englaciation   Hex/Ice        9%         N/A       26%         5
 Yara's Violent Unravell  Hex/Tmut       9%         3d6       26%         5
 Ice Form                 Ice/Tmut       6%         N/A       38%         4
 Petrify                  Tmut/Erth      6%         N/A       38%         4
 Bolt of Magma            Conj/Fire/Erth 3%         4d5       71%         5
 Hydra Form               Tmut           3%         N/A       71%         5
 Iskenderun's Battlesphe  Conj           6%         2d6       71%         5
 Lee's Rapid Deconstruct  Erth           3%         3d6*      71%         5
 Lightning Bolt           Conj/Air       3%         1d14      71%         5
 Iron Shot                Conj/Erth      3%         9d2       99%         6
 Statue Form              Tmut/Erth      4%         N/A       99%         6
 Orb of Destruction       Conj           3%         9d1       100%        7
 Spellforged Servitor     Conj/Summ      3%         N/A       100%        7


Dungeon Overview and Level Annotations

Branches:
Dungeon (10/15)            Temple (1/1) D:5            Lair (5/6) D:10
  Swamp (1/4) Lair:4       Spider (0/4) Lair:4       Bailey (visited)
  IceCv (visited)
  Slime: Lair:5-6       Orc: D:9-12

Altars:
Ashenzari
Cheibriados
Dithmenos
Elyvilon
Fedhas
Gozag
Hepliaklqana
Kikubaaqudgha
Makhleb
Nemelex Xobeh
Okawaru
Qazlal
Sif Muna
Trog
Uskayaw
Wu Jian
Xom
Yredelemnul
Zin
The Shining One

Shops:
D:9 :   D:10 [=[:!

Annotations:
D:10 2 runed translucent doors
Lair:4 exclusion: 3 oklob plants


Innate Abilities, Weirdness & Mutations

You cannot wear most types of armour.
You are amphibious.
You can wear up to eight rings at the same time.
Your skin changes colour to match your surroundings (Stealth+).
Your rubbery body absorbs attacks. (AC +1, EV +1)
((You are camouflaged near water. (Stealth+)))
You have tentacles for arms and can constrict up to eight enemies at once.


Message History

You hit the catoblepas.
The catoblepas is moderately wounded.
You hit the catoblepas.
The catoblepas is moderately wounded.
You block the catoblepas's attack.
You hit the catoblepas.
The catoblepas is moderately wounded.
You hit the catoblepas but do no damage.
The catoblepas is moderately wounded.
The catoblepas breathes a plume of calcifying dust at you.
The blast of calcifying dust hits you.
You hit the catoblepas but do no damage.
Lightning courses through the catoblepas!
You squeeze the catoblepas.
The catoblepas is heavily wounded.
You are engulfed in calcifying dust.
You are slowing down.
The catoblepas gores you!! The catoblepas gores you.
Your limbs are stiffening.
You hit the catoblepas but do no damage.
The catoblepas is heavily wounded.
You completely miss the catoblepas.
The catoblepas is heavily wounded.
The catoblepas misses you.
You have turned to stone.
The catoblepas breathes a plume of calcifying dust at you.
The blast of calcifying dust hits you!
You are engulfed in calcifying dust.
The catoblepas gores you but does no damage.
You are engulfed in calcifying dust.
The catoblepas gores you!!
You are engulfed in calcifying dust.
The catoblepas gores you!
You are engulfed in calcifying dust.
The catoblepas gores you!!
You are engulfed in calcifying dust.
The catoblepas gores you!!
* * * LOW HITPOINT WARNING * * *
You are engulfed in calcifying dust.
The catoblepas gores you!!
* * * LOW HITPOINT WARNING * * *
The catoblepas breathes a plume of calcifying dust at you.
The blast of calcifying dust hits you.
* * * LOW HITPOINT WARNING * * *
You are engulfed in calcifying dust.
The catoblepas gores you!!
You die...
Your body crumbles into a pile of gold.

##.##.......
#...#..#.#......#
##..###.##.......##### #
#..##.#..#........#..#..
#.......................
#...............>.......
##......................
##..............$P.#....
#...####...#...Y@§§.#.#
##..# #...####.........#
#...###.#.P#......#.....
##..##............PP...#
.#..##.......P....PP...#
...###...........P......
##...#..........P..P..P+
##...##..#.###...#....#
#..#.###...##.....#..##


You could see a catoblepas (poisoned).

Vanquished Creatures
  A boulder beetle (Lair:2)
  4 hydras
  A death yak (Lair:4)
  2 two-headed ogres (D:9)
  An oklob plant (Lair:4)
  Maurice (D:9)
  A black mamba (Lair:3)
  8 cane toads
  2 torpor snails
  Maggie (D:7)
  13 komodo dragons
  2 rime drakes
  2 ice devils (Lair:2)
  A queen bee (Lair:3)
  6 polar bears
  18 blink frogs
  Prince Ribbit (Lair:2)
  3 redbacks (Lair:4)
  A vampire (D:9)
  Sigmund (D:2)
  51 yaks
  A wraith (D:6)
  A shadow (D:9)
  2 steam dragons
  3 vampire mosquitoes (D:10)
  Menkaure (D:7)
  17 water moccasins
  4 sky beasts
  A black bear (D:10)
  An ice beast (D:7)
  2 necrophages
  17 wolves
  3 ogres
  2 centaurs
  13 bullfrogs
  3 kobold brigands
  10 gnoll sergeants
  30 killer bees
  9 howler monkeys
  7 wights
  An electric eel (Lair:3)
  A bullfrog zombie (D:5)
  6 centaur zombies
  3 bullfrog skeletons
  3 orc priests
  6 gnoll shamans (Bailey)
  3 hounds
  A centaur skeleton (D:7)
  An iguana (Lair:4)
  Jessica (D:3)
  5 orc wizards
  5 polar bear simulacra (D:9)
  2 yak simulacra (D:9)
  3 wolf simulacra (D:9)
  A howler monkey zombie (D:5)
  23 gnolls
  8 adders
  3 shadow imps (D:6)
  2 white imps
  3 worms
  2 dart slugs
  29 orcs
  5 endoplasms
  A giant cockroach (D:1)
  12 goblins
  5 hobgoblins
  6 jackals
  23 kobolds
  A quokka (D:1)
  4 ball pythons
  9 bats
  3 frilled lizards (D:1)
  2 rats (D:3)
  A river rat simulacrum (D:9)
432 creatures vanquished.

Vanquished Creatures (collateral kills)
  A necromancer (D:9)
1 creature vanquished.

Vanquished Creatures (others)
  A yak (IceCv)
  53 fungi
  63 plants
117 creatures vanquished.

Grand Total: 550 creatures vanquished

Notes
Turn   | Place    | Note
-------+----------+-------------------------------------------
     0 | D:1      | spiderkeys the Octopode Brigand began the quest for the
                  | Orb.
     0 | D:1      | Reached XP level 1. HP: 14/14 MP: 1/1
   209 | D:1      | Reached XP level 2. HP: 14/19 MP: 2/2
   720 | D:1      | Found a faded altar of an unknown god.
   794 | D:1      | Reached XP level 3. HP: 12/24 MP: 3/3
  1528 | D:2      | Noticed Sigmund
  1537 | D:2      | Killed Sigmund
  1538 | D:2      | Reached skill level 2 in Dodging
  1538 | D:2      | Reached skill level 1 in Shields
  1538 | D:2      | Reached XP level 4. HP: 21/31 MP: 4/4
  1538 | D:2      | Reached XP level 5. HP: 25/36 MP: 5/5
  2062 | D:3      | Noticed an ogre
  2066 | D:3      | Killed an ogre
  2067 | D:3      | Reached XP level 6. HP: 42/42 MP: 6/6
  2276 | D:3      | Noticed Jessica
  2283 | D:3      | Killed Jessica
  2311 | D:3      | Reached skill level 3 in Dodging
  2507 | D:3      | Found a shimmering altar of Xom.
  2526 | D:3      | Found a white marble altar of Elyvilon.
  2606 | D:3      | Identified a scroll of acquirement
  2606 | D:3      | Acquired a +1 buckler of poison resistance
  3128 | D:4      | Reached XP level 7. HP: 46/46 MP: 7/7
  3194 | D:4      | You fall into a shaft and drop 1 floor!
  3194 | D:5      | Entered Level 5 of the Dungeon
  3221 | D:4      | Acquired a manual of Dodging
  3550 | D:4      | Reached skill level 4 in Dodging
  4206 | D:5      | Reached skill level 5 in Dodging
  4243 | D:5      | Reached XP level 8. HP: 54/54 MP: 8/8
  4265 | D:5      | Found a staircase to the Ecumenical Temple.
  4283 | Temple   | Entered the Ecumenical Temple
  4354 | Temple   | Became a worshipper of Gozag Ym Sagoz the Greedy
  4626 | D:5      | Learned a level 2 spell: Slow
  5023 | D:6      | Noticed a wraith
  5042 | D:6      | Killed a wraith
  5043 | D:6      | Reached skill level 6 in Dodging
  5043 | D:6      | Reached skill level 1 in Hexes
  5352 | D:6      | Learned a level 1 spell: Corona
  5586 | D:6      | Reached skill level 7 in Dodging
  5610 | D:6      | Identified Sehad's Guide on Cloudy Clay
  5615 | D:6      | Learned a level 2 spell: Poisonous Vapours
  5713 | D:6      | Reached skill level 5 in Short Blades
  6030 | D:6      | Reached skill level 5 in Fighting
  6045 | D:6      | Reached XP level 9. HP: 51/61 MP: 7/9
  6495 | D:7      | Reached skill level 8 in Dodging
  6538 | D:7      | Noticed Maggie
  6544 | D:7      | Killed Maggie
  6545 | D:7      | Reached skill level 1 in Poison Magic
  6603 | D:7      | Noticed Menkaure
  6610 | D:7      | Killed Menkaure
  6636 | D:7      | Reached skill level 9 in Dodging
  7395 | D:8      | Reached skill level 10 in Dodging
  7682 | D:8      | Reached XP level 10. HP: 68/68 MP: 6/10
  8021 | D:9      | Noticed a two-headed ogre
  8022 | D:9      | Killed a two-headed ogre
  8023 | D:9      | Reached skill level 11 in Dodging
  8035 | D:9      | Noticed Maurice
  8048 | D:9      | Noticed a two-headed ogre
  8057 | D:9      | Killed a two-headed ogre
  8191 | D:9      | Found a flagged portal.
  8198 | Bailey   | Entered a bailey
  8629 | Bailey   | Reached skill level 12 in Dodging
  9119 | D:9      | Killed Maurice
  9279 | D:9      | Reached XP level 11. HP: 75/75 MP: 11/11
  9449 | D:9      | Found a glowing golden altar of the Shining One.
  9507 | D:9      | Reached skill level 10 in Stealth
  9908 | D:9      | Noticed a necromancer
  9915 | D:9      | HP: 2/67 [polar bear simulacrum (15)]
  9935 | D:9      | Killed a necromancer
 10634 | D:9      | Bought a book of Maledictions for 350 gold pieces
 10637 | D:9      | Learned a level 2 spell: Ensorcelled Hibernation
 10883 | D:10     | Entered Level 10 of the Dungeon
 10885 | D:10     | Found a staircase to the Lair.
 10893 | D:10     | Reached skill level 5 in Throwing
 10943 | D:9      | Reached skill level 13 in Dodging
 11084 | D:10     | Found Byulogiy's Jewellery Shoppe.
 11088 | D:10     | Bought a +4 ring of evasion for 540 gold pieces
 11258 | D:10     | Found Jeude's Antique Armour Boutique.
 11322 | D:10     | Found Ikhlifum's Distillery.
 11330 | D:10     | Bought a potion of heal wounds for 50 gold pieces
 11330 | D:10     | Bought a potion of heal wounds for 50 gold pieces
 11330 | D:10     | Bought a potion of curing for 30 gold pieces
 11330 | D:10     | Bought a potion of curing for 30 gold pieces
 11330 | D:10     | Bought a potion of curing for 30 gold pieces
 11330 | D:10     | Bought a potion of heal wounds for 50 gold pieces
 11330 | D:10     | Bought a potion of heal wounds for 50 gold pieces
 11673 | D:10     | Found Detuab's Antique Armour Shop.
 11687 | D:10     | Found a large runed translucent door.
 11687 | D:10     | Found a large runed translucent door.
 11809 | D:10     | Learned a level 3 spell: Confusing Touch
 11840 | D:10     | Found Vimuwk's Book Emporium.
 12082 | Lair:1   | Entered Level 1 of the Lair of Beasts
 12155 | Lair:1   | You are sucked into a shaft and drop 1 floor!
 12388 | Lair:2   | Noticed Prince Ribbit
 12662 | Lair:2   | Killed Prince Ribbit
 12682 | Lair:2   | Found a frozen archway.
 12717 | IceCv    | Entered an ice cave
 12729 | IceCv    | Reached skill level 14 in Dodging
 13988 | Lair:2   | Reached skill level 5 in Poison Magic
 14002 | Lair:2   | Reached XP level 12. HP: 75/83 MP: 12/12
 14257 | Lair:2   | Reached skill level 5 in Hexes
 14438 | Lair:2   | Noticed a boulder beetle
 14450 | Lair:2   | Killed a boulder beetle
 14791 | Lair:3   | Noticed a five-headed hydra
 15557 | Lair:3   | Noticed an eight-headed hydra
 15575 | Lair:3   | Killed an eight-headed hydra
 16166 | Lair:3   | Killed a five-headed hydra
 16957 | D:9      | Bought a manual of Spellcasting for 1545 gold pieces
 17039 | Lair:1   | Reached XP level 13. HP: 90/90 MP: 13/13
 17654 | Lair:1   | Reached skill level 15 in Dodging
 18436 | Lair:4   | Reached skill level 1 in Spellcasting
 18761 | Lair:4   | Reached skill level 10 in Short Blades
 18890 | Lair:4   | Found a hole to the Spider Nest.
 19086 | Lair:4   | Found a staircase to the Swamp.
 19667 | Lair:4   | Reached skill level 10 in Fighting
 20727 | Swamp:1  | Entered Level 1 of the Swamp
 20727 | Swamp:1  | Noticed a bunyip
 21361 | Lair:5   | Reached skill level 5 in Spellcasting
 22308 | Lair:5   | Mangled by a catoblepas

Illustrated notes

Levels and vault maps discovered:
D:1:      lightli_arrival_boilingwater, layout_basic, basic_ecumenical_altar,
          chequers_garden, st_stairs_14
D:2:      layout_rooms, guppyfry_early_lair_pool, uniq_sigmund
D:3:      layout_basic, lemuel_doored_altar, overflow_temple_1_default,
          uniq_jessica
D:4:      layout_basic
D:5:      layout_loops_ring, minmay_temple_entry_large_hall
D:6:      layout_loops_ring
D:7:      layout_loops_ring, uniq_maggie, uniq_menkaure
D:8:      layout_loops_ring
D:9:      layout_roguey, tso_metal_star, enter_bailey_3,
          amcnicky_mini_pool_small, eino_house_with_fridge, uniq_maurice
D:10:     layout_irregular_city, jmf_multi_god_temple2,
          due_lair_maze_entry_diamond, serial_shops, nicolae_shop_waterfront,
          shop, shop, shop_statue, nicolae_shop_trees, kennysheep_pointless_box
Temple:   minmay_crystal_spiral_temple
Lair:1:   layout_roguey
Lair:2:   layout_concentric_octagons, portal_ice_cave_demonic_guard,
          serial_bayou_shore_b, grunt_megastairs_5, uniq_prince_ribbit2
Lair:3:   layout_cellular_growth, special_room [special_room_bee],
          amcnicky_mini_pool_medium, grunt_megastairs_3
Lair:4:   layout_roguey, minmay_swamp_entry_reptiles, spider_nest_entry_webs,
          kennysheep_catoblepas_arena, minmay_lair_oklob_chamber
Lair:5:   layout_regular_city, beast_lair_carwin_7
Swamp:1:  layout_basic_swamp, nicolae_swamp_long_stream

Skill      XL: |  1  2  3  4  5  6  7  8  9 10 11 12 13 |
---------------+----------------------------------------+-----
Fighting       | 3 4 5 6 7 8 9 10 | 10.3
Short Blades   | 3 4 5 6 7 8 9 10 | 10.3
Dodging        | 2 3 5 7 10 12 14 15 | 15.3
Stealth        | 6 7 8 9 10 11 12 | 12.9
Shields        | 1 2 3 4 |  4.0
Hexes          | 2 3 4 6 7 |  7.0
Poison Magic   | 3 5 6 |  6.0
Throwing       | 3 4 5 |  5.0
Spellcasting   | 6 |  6.4

Action                   |  1- 3 |  4- 6 |  7- 9 | 10-12 | 13-15 || total
-------------------------+-------+-------+-------+-------+-------++-------
Melee: Dagger            |    55 |    80 |   225 |   670 |   398 ||  1428
       Tentacles         |    14 |    15 |    50 |   139 |   102 ||   320
       Constrict         |    12 |    19 |    41 |    85 |    30 ||   187
Throw: Dart              |       |     1 |     6 |     4 |     3 ||    14
       Boomerang         |       |       |    11 |    50 |       ||    61
       Javelin           |       |       |       |     9 |       ||     9
 Cast: Poisonous Vapours |       |       |    21 |    86 |     5 ||   112
       Slow              |       |       |     4 |    11 |       ||    15
       Ensorcelled Hiber |       |       |       |    14 |     3 ||    17
       Confusing Touch   |       |       |       |     7 |     2 ||     9
       Corona            |       |       |       |     2 |       ||     2
Invok: Potion Petition   |       |       |       |     1 |       ||     1
       Call Merchant     |       |       |       |     1 |       ||     1
Evoke: Wand              |       |       |       |     2 |    31 ||    33
  Use: Potion            |     2 |       |     3 |    10 |       ||    15
       Scroll            |     1 |     5 |    14 |     7 |     1 ||    28
 Stab: Sleeping          |    17 |     9 |    13 |    17 |    12 ||    68
       Distracted        |       |       |     1 |     5 |     4 ||    10
       Confused          |       |       |       |     9 |     2 ||    11
Armor: Skin              |     7 |     3 |     8 |     9 |     5 ||    32
Dodge: Dodged            |    20 |    32 |   102 |   447 |   195 ||   796
Block: Buckler           |     2 |    12 |    52 |   193 |    87 ||   346

Table legend: (Time is in decaauts)
 A = Elapsed time spent in this place.
 B = Non-inter-level travel time spent in this place.
 C = Inter-level travel time spent in this place.
 D = Time resting spent in this place.
 E = Time spent auto-exploring this place.
 F = Levels seen in this place.
 G = Mean time per level.
                   A        B        C        D        E       F      G
               +--------+--------+--------+--------+--------+-----+--------+
         Total |  21851 |  21070 |    781 |   4370 |  13124 |  19 | 1150.1 |
       Dungeon |  10944 |  10529 |    415 |   1169 |   7586 |  10 | 1094.4 |
        Temple |    212 |    129 |     83 |      0 |    126 |   1 |  212.0 |
          Lair |   8656 |   8373 |    283 |   2176 |   4922 |   5 | 1731.2 |
         Swamp |      1 |      1 |      0 |      0 |      0 |   1 |    1.0 |
        Bailey |    868 |    868 |      0 |      0 |    489 |   1 |  868.0 |
      Ice Cave |   1167 |   1167 |      0 |   1024 |      0 |   1 | 1167.0 |
               +--------+--------+--------+--------+--------+-----+--------+

Top non-repeatable levels by time:
  Lair:4: 2749 daAuts
  Lair:3: 2130 daAuts
     D:9: 2005 daAuts
  Lair:2: 1337 daAuts
     D:1: 1304 daAuts
  Lair:1: 1263 daAuts
     D:6: 1247 daAuts
  Lair:5: 1175 daAuts
   IceCv: 1167 daAuts
    D:10: 1080 daAuts
     D:3: 1038 daAuts
     D:4: 1026 daAuts
     D:8: 888 daAuts
  Bailey: 868 daAuts
     D:7: 842 daAuts
